 Dungeon Crawl Stone Soup version 0.20-a0-386-g2d247ea (webtiles) character file.

107048 Kidiri the Eclecticist (level 15, -3/100 HPs)
             Began as a Deep Elf Fire Elementalist on Dec 29, 2016.
             Was the Champion of Vehumet.
             Slain by a cyan ugly thing (16 damage)
             ... on level 14 of the Dungeon.
             The game lasted 02:17:05 (29382 turns).

Kidiri the Eclecticist (DEFE)                      Turns: 29382, Time: 02:17:06

Health: -3/100     AC: 11    Str:  9 (10) XL:     15   Next: 99%
Magic:  13/46      EV: 18    Int: 27      God:    Vehumet [******]
Gold:   2516       SH:  6    Dex: 15      Spells: 1/47 levels left

rFire  . . .     SeeInvis +     C - +2 falchion of Eternal Harmony {holy, -Tele Str+5 SInv Stlth+}
rCold  + . .     Gourm    .     i - +0 robe "Watapt" {rPois rC+}
rNeg   . . .     Faith    .     R - +1 buckler
rPois  +         Spirit   .     s - +2 helmet
rElec  .         Reflect  .     D - +1 cloak
rCorr  .         Harm     .     S - +2 pair of gloves
MR     +....     Clarity  +     (no boots)
Stlth  +++....... NoTele   +    p - amulet of regeneration
                                T - ring of wizardry
                                w - ring of magical power

@: no status effects
A: clarity, deformed body, mutation resistance 1, robust 2, shaggy fur 1,
teleportitis 1
a: Renounce Religion


You were on level 14 of the Dungeon.
You worshipped Vehumet.
Vehumet was exalted by your worship.
You were not hungry.

You visited 4 branches of the dungeon, and saw 24 of its levels.

You collected 3142 gold pieces.
You spent 626 gold pieces at shops.

Inventory:

Hand Weapons
 m - a +4 dagger of draining
 C - the +2 falchion of Eternal Harmony (weapon) {holy, -Tele Str+5 SInv Stlth+}
   (You found it on level 7 of the Dungeon)

   It has been blessed by the Shining One to cause great damage to the undead
   and demons.
   It affects your strength (+5).
   It lets you see invisible.
   It prevents most forms of teleportation.
   It makes you more stealthy.
Armour
 i - the +0 robe "Watapt" (worn) {rPois rC+}
   (You bought it in a shop on level 2 of the Orcish Mines)

   It protects you from cold.
   It protects you from poison.
 s - a +2 helmet (worn)
 y - a +2 robe of magic resistance
 D - a +1 cloak (worn)
 R - a +1 buckler (worn)
 S - a +2 pair of gloves (worn)
 V - a +0 shield
Jewellery
 d - a +2 ring of evasion
 p - an amulet of regeneration (around neck)
 q - an uncursed ring of poison resistance
 w - a ring of magical power (left hand)
 G - an uncursed ring of protection from cold
 T - a ring of wizardry (right hand)
Wands
 a - a wand of acid (9/15)
 b - a wand of confusion (20/48)
 l - a wand of enslavement (15/24)
 n - a wand of slowing (24/48)
 x - a wand of paralysis (17/24)
 K - a wand of enslavement (16/24)
 L - a wand of flame (10/48)
 X - a wand of digging (17/24)
Scrolls
 e - 4 scrolls of immolation
 o - a scroll of fog
 r - 8 scrolls of teleportation
 z - 2 scrolls of recharging
 E - 2 scrolls of magic mapping
 J - 5 scrolls of remove curse
 Q - 5 scrolls of amnesia
Potions
 f - 4 potions of haste
 g - 4 potions of cancellation
 h - a potion of resistance
 j - a potion of curing
 t - 3 potions of agility
 u - 2 potions of berserk rage
 v - 3 potions of might
 A - 3 potions of lignification
 B - 3 potions of brilliance
 F - a potion of ambrosia
 H - a potion of heal wounds
 I - 2 potions of flight
 O - a potion of cure mutation
Books
 M - a book of Burglary

   Spells                             Type                      Level
   a - Swiftness                      Charms/Air                   2
   b - Passwall                       Transmutation/Earth          2
   c - Passage of Golubria            Translocation                4
   d - Lee's Rapid Deconstruction     Earth                        5
   e - Darkness                       Hexes                        6
   f - Invisibility                   Hexes                        6
 Z - a book of Air

   Spells                             Type                      Level
   a - Shock                          Conjuration/Air              1
   b - Swiftness                      Charms/Air                   2
   c - Repel Missiles                 Charms/Air                   2
   d - Static Discharge               Conjuration/Air              3
   e - Lightning Bolt                 Conjuration/Air              5
Comestibles
 c - 13 bread rations
 k - 3 meat rations
 N - 7 mutagenic chunks of flesh


   Skills:
 + Level 6.5 Fighting
 + Level 7.8 Short Blades
 + Level 6.7 Armour
 + Level 9.4 Dodging
 - Level 2.4 Stealth
 + Level 5.8 Shields
 * Level 16.8 Spellcasting
 + Level 10.5 Conjurations
 + Level 10.7 Fire Magic
 + Level 6.8 Air Magic
 + Level 8.3 Earth Magic
 + Level 8.1 Poison Magic
 + Level 8.7 Evocations


You had one spell level left.
You knew the following spells:

 Your Spells              Type           Power        Failure   Level  Hunger
a - Flame Tongue          Conj/Fire      #####        1%          1    None
b - Throw Flame           Conj/Fire      ######       1%          2    None
c - Conjure Flame         Conj/Fire      ######..     1%          3    None
d - Inner Flame           Hex/Fire       ######..     1%          3    None
e - Sticky Flame          Conj/Fire      ######..     1%          4    None
f - Fireball              Conj/Fire      ######....   1%          5    None
g - Bolt of Magma         Conj/Fire/Erth ######....   1%          5    None
h - Venom Bolt            Conj/Pois      ######....   1%          5    None
i - Poisonous Cloud       Conj/Pois/Air  ######....   1%          5    None
j - Iron Shot             Conj/Erth      ######....   1%          6    ###....
k - Ignite Poison         Fire/Tmut/Pois ######..     1%          3    None
l - Olgreb's Toxic Radia  Pois           ######..     1%          4    None


Dungeon Overview and Level Annotations

Branches:
Dungeon (15/15)            Temple (1/1) D:7            Lair (6/6) D:11
 Shoals (0/4) Lair:3        Snake (0/4) Lair:2        Slime (0/5) Lair:6
    Orc (2/2) D:12            Elf (0/3) Orc:2        Vaults (0/5) D:13
 Depths (0/5) D:15

Altars:
Ashenzari
Cheibriados
Dithmenos
Elyvilon
Fedhas
Gozag
Hepliaklqana
Kikubaaqudgha
Makhleb
Nemelex Xobeh
Okawaru
Qazlal
Ru
Sif Muna
Trog
Uskayaw
Vehumet
Xom
Yredelemnul
Zin
The Shining One
Beogh
Jiyva
Lugonu

Shops:
D:5 :   D:6 =   D:12 ?   D:15 }   Orc:2 (*[[

Annotations:
D:3 1 runed door


Innate Abilities, Weirdness & Mutations

You possess an exceptional clarity of mind.
Armour fits poorly on your strangely shaped body.
You are somewhat resistant to further mutation.
You are very robust. (+20% HP)
You are covered in fur. (AC +1)
You are occasionally teleported next to monsters.


Message History

The orc knight roars a battlecry!
The orc goes into a battle-frenzy!
The cyan ugly thing gurgles horribly!
You hear a horrible gurgling sound!
The cyan ugly thing misses you.
You riposte.
You hit the cyan ugly thing.
The cyan ugly thing is lightly wounded.
There is a stone staircase leading up here.
Okay, then.
Unknown command.
Unknown command.
The cyan ugly thing headbutts you!
* * * LOW HITPOINT WARNING * * *
The cyan ugly thing shocks you!
* * * LOW HITPOINT WARNING * * *
You climb upwards.
There is a stone staircase leading down here.
Unknown command.
The cyan ugly thing headbutts you.
* * * LOW HITPOINT WARNING * * *
The cyan ugly thing shocks you!
You die...

#####
#########...#
#.........#.#
######.#######...#
#.........# ##.##
#.####.##.# #...
#.# #.##.# ####
#@# #.##.# #u#
#....##
#.######...###
#.#......#...#
#.#.####...#.#
###.#.# ##.##.# ##
#..>..#####.##.#
#.
#.#.........##.#
#.
#.#########.##.##
#.


You could see a cyan ugly thing.

Vanquished Creatures
  Saint Roka (Orc:2)
  Rupert (Lair:6)
  Kirke (D:12)
  Azrael (D:13)
  An ettin (Orc:1)
  Snorg (Orc:1)
  12 hydras
  4 centaur warriors
  The ghost of Kidiri the Thaumaturge, a journeyman DEFE of Vehumet (Lair:1)
  7 two-headed ogres
  An orc high priest (Orc:1)
  A vampire mage (D:15)
  10 skeletal warriors
  2 unseen horrors (D:13)
  4 orc knights
  A necromancer (D:15)
  10 ugly things
  An orc sorcerer (Orc:2)
  2 deep elf magi
  6 cyclopes
  5 manticores
  Maurice (D:9)
  2 centaur zombies (D:12)
  13 elephants
  4 black mambas
  5 spiny frogs
  2 gargoyles
  2 spriggan zombies (D:15)
  2 torpor snails
  4 rime drakes
  A yaktaur zombie (D:15)
  4 centaur skeletons
  6 komodo dragons
  3 kobold demonologists (D:13)
  2 guardian mummies (D:15)
  3 meliai (D:15)
  3 merfolk (Lair:3)
  7 trolls
  6 polar bears
  3 hornets (Lair:6)
  19 dream sheep
  An elf zombie (D:15)
  13 slime creatures
  17 blink frogs
  17 hippogriffs
  13 spriggans
  A meliai zombie (D:13)
  A wraith (D:14)
  15 wyverns
  22 yaks
  4 fire elementals (D:13)
  3 hogs (D:12)
  3 basilisks
  Grum (D:11)
  7 vampire mosquitoes
  2 hungry ghosts
  Menkaure (D:4)
  5 wargs
  3 nagas (Lair:2)
  An acid dragon (D:12)
  14 water moccasins
  4 hell hounds
  7 porcupines
  3 ice beasts
  34 orc warriors
  3 phantoms
  2 sky beasts
  5 black bears
  7 ogres
  8 boggarts
  3 necrophages
  14 centaurs
  2 eyes of draining
  30 wolves
  A crocodile (shapeshifter) (D:14)
  8 crocodiles
  4 big kobolds
  2 gnoll sergeants
  13 bullfrogs
  A wyvern zombie (D:10)
  4 jellies
  A wyvern skeleton (D:10)
  4 scorpions
  A water moccasin skeleton (D:11)
  8 killer bees
  8 wights
  2 howler monkeys
  2 electric eels
  7 crimson imps
  2 quasits
  8 hounds
  25 orc priests
  3 bullfrog skeletons
  3 bullfrog zombies
  32 orc wizards
  3 iguanas
  9 worker ants
  A killer bee zombie (D:10)
  A hound zombie (D:10)
  3 hound skeletons
  Robin (D:4)
  3 worker ant zombies
  6 gnolls
  2 howler monkey skeletons
  17 adders
  A shadow imp (D:8)
  3 adder skeletons (D:4)
  2 worms
  A dart slug (D:3)
  6 leopard geckos
  101 orcs
  2 ball pythons
  8 giant cockroaches
  6 hobgoblins
  20 jackals
  5 quokkas
  A ball python skeleton (D:4)
  11 bats
  8 frilled lizards
  A giant cockroach zombie (D:6)
  18 goblins
  17 kobolds
  A quokka zombie (D:5)
  3 rats
  A plant (Lair:2)
832 creatures vanquished.

Vanquished Creatures (others)
  A water elemental (D:13)
  A vampire mosquito (D:13)
  2 electric eels (D:13)
  A crimson imp (D:13)
  An orc wizard (D:14)
  2 orcs (D:13)
  A kobold (D:13)
  12 fungi
  5 plants
  2 withered plants (D:15)
28 creatures vanquished.

Grand Total: 860 creatures vanquished

Notes
Turn   | Place    | Note
-------+----------+-------------------------------------------
     0 | D:1      | Kidiri the Deep Elf Fire Elementalist began the quest for the Orb.
     0 | D:1      | Reached XP level 1. HP: 10/10 MP: 6/6
   300 | D:1      | Reached XP level 2. HP: 7/15 MP: 2/8
   307 | D:1      | Learned a level 2 spell: Throw Flame
   839 | D:1      | Reached skill level 4 in Spellcasting
   933 | D:1      | Reached XP level 3. HP: 19/19 MP: 7/10
   938 | D:1      | Learned a level 3 spell: Conjure Flame
   942 | D:1      | Learned a level 3 spell: Inner Flame
  1617 | D:2      | Reached XP level 4. HP: 24/24 MP: 7/12
  1862 | D:3      | Reached skill level 5 in Spellcasting
  1976 | D:3      | Learned a level 4 spell: Sticky Flame
  2110 | D:3      | Reached XP level 5. HP: 22/28 MP: 3/15
  2269 | D:3      | Found a runed door.
  2404 | D:3      | Found a deep blue altar of Sif Muna.
  2468 | D:3      | Reached skill level 6 in Spellcasting
  2692 | D:4      | Noticed Robin
  2703 | D:4      | Killed Robin
  2919 | D:4      | Found a hazy altar of Hepliaklqana.
  2954 | D:4      | Noticed a phantom
  2960 | D:4      | Killed a phantom
  2960 | D:4      | Reached XP level 6. HP: 28/32 MP: 9/17
  2967 | D:4      | Learned a level 5 spell: Fireball
  3049 | D:4      | Noticed Menkaure
  3053 | D:4      | Killed Menkaure
  3053 | D:4      | Reached skill level 7 in Spellcasting
  3053 | D:4      | Reached skill level 5 in Fire Magic
  3171 | D:4      | Reached XP level 7. HP: 36/36 MP: 11/20
  3384 | D:4      | Found a sparkling altar of Nemelex Xobeh.
  3607 | D:5      | Entered Level 5 of the Dungeon
  3607 | D:5      | Found Xeneuh Nogoa's Book Emporium.
  3614 | D:5      | Reached skill level 8 in Spellcasting
  3734 | D:5      | Found a bloodstained altar of Trog.
  4124 | D:5      | Found a stormy altar of Qazlal.
  4243 | D:5      | Found an opulent altar of Gozag.
  4359 | D:5      | Found a burning altar of Makhleb.
  4361 | D:5      | Found an iron altar of Okawaru.
  4392 | D:5      | Found a basalt altar of Yredelemnul.
  4503 | D:5      | Reached skill level 9 in Spellcasting
  4520 | D:6      | Found Daublyv's Jewellery Emporium.
  4547 | D:6      | Reached skill level 5 in Conjurations
  4547 | D:6      | Reached XP level 8. HP: 41/41 MP: 15/23
  4819 | D:6      | Reached skill level 10 in Spellcasting
  5674 | D:7      | Got an encrusted falchion
  5675 | D:7      | Identified the +2 falchion of Eternal Harmony {holy, -Tele Str+5 SInv Stlth+} (You found it on level 7 of the Dungeon)
  5685 | D:7      | Reached skill level 11 in Spellcasting
  5743 | D:7      | Reached XP level 9. HP: 44/45 MP: 18/26
  5934 | D:7      | Reached skill level 1 in Fighting
  6005 | D:7      | Reached skill level 1 in Short Blades
  6053 | D:7      | Reached skill level 1 in Armour
  6053 | D:7      | Reached skill level 1 in Evocations
  6150 | D:7      | Learned a level 5 spell: Bolt of Magma
  6156 | D:7      | Learned a level 5 spell: Venom Bolt
  6486 | D:7      | Found a staircase to the Ecumenical Temple.
  6508 | D:7      | Reached skill level 1 in Earth Magic
  6508 | D:7      | Reached skill level 1 in Poison Magic
  6704 | Temple   | Entered the Ecumenical Temple
  6741 | Temple   | Became a worshipper of Vehumet
  7030 | D:8      | Found a shimmering altar of Xom.
  7031 | D:8      | Found a shimmering altar of Xom.
  7138 | D:8      | Found a shimmering altar of Xom.
  7336 | D:8      | Found a hide-covered altar of Uskayaw.
  7336 | D:8      | Noticed a hand axe
  7337 | D:8      | Noticed a hand axe
  7409 | D:8      | Noticed a two-headed ogre
  7412 | D:8      | Found a shattered altar of Ashenzari.
  7425 | D:8      | Killed a two-headed ogre
  7425 | D:8      | Reached skill level 12 in Spellcasting
  7425 | D:8      | Reached XP level 10. HP: 54/54 MP: 18/28
  7580 | D:8      | Found a sacrificial altar of Ru.
  7941 | D:8      | Gained mutation: Armour fits poorly on your strangely shaped body. [mutagenic meat]
  7942 | D:8      | Gained mutation: You are occasionally teleported next to monsters. [mutagenic meat]
  8096 | D:9      | Reached * piety under Vehumet
  8096 | D:9      | Offered knowledge of Shock by Vehumet.
  8102 | D:9      | Learned a level 1 spell: Shock
  8286 | D:9      | Noticed Maurice
  8354 | D:9      | Reached skill level 1 in Air Magic
  8513 | D:9      | Killed Maurice
  8655 | D:9      | Reached skill level 1 in Shields
  8937 | D:9      | Reached ** piety under Vehumet
  8956 | D:9      | Found a glowing golden altar of the Shining One.
  9042 | D:9      | Noticed a two-headed ogre
  9048 | D:9      | Killed a two-headed ogre
  9048 | D:9      | Offered knowledge of Sandblast by Vehumet.
  9381 | D:10     | Entered Level 10 of the Dungeon
  9801 | D:10     | Noticed a two-headed ogre
  9806 | D:10     | Killed a two-headed ogre
  9806 | D:10     | Reached skill level 5 in Dodging
  9806 | D:10     | Reached XP level 11. HP: 60/60 MP: 9/29
  9816 | D:10     | Learned a level 6 spell: Iron Shot
 10038 | D:10     | Gained mutation: You possess an exceptional clarity of mind. [potion of mutation]
 10038 | D:10     | Gained mutation: You are robust. (+10% HP) [potion of mutation]
 10038 | D:10     | Gained mutation: You are very robust. (+20% HP) [potion of mutation]
 10075 | D:10     | Gained mutation: You are somewhat resistant to further mutation. [potion of mutation]
 10657 | D:11     | Noticed a six-headed hydra
 10675 | D:11     | Killed a six-headed hydra
 10796 | D:11     | Noticed Grum
 10812 | D:11     | Killed Grum
 10912 | D:11     | Offered knowledge of Ignite Poison by Vehumet.
 11152 | D:11     | Noticed a five-headed hydra
 11159 | D:11     | Killed a five-headed hydra
 11159 | D:11     | Reached skill level 13 in Spellcasting
 11801 | D:5      | Bought a book of Air for 490 gold pieces
 11969 | D:11     | Found a staircase to the Lair.
 12085 | Lair:1   | Entered Level 1 of the Lair of Beasts
 12089 | Lair:1   | Noticed a seven-headed hydra
 12092 | Lair:1   | Reached *** piety under Vehumet
 12232 | Lair:1   | Killed a seven-headed hydra
 12593 | Lair:1   | Reached skill level 5 in Evocations
 13159 | Lair:1   | Noticed a four-headed hydra
 13163 | Lair:1   | Killed a four-headed hydra
 13163 | Lair:1   | Reached XP level 12. HP: 79/79 MP: 17/31
 13168 | Lair:1   | Learned a level 3 spell: Ignite Poison
 13253 | Lair:1   | Noticed Kidiri's ghost (journeyman DEFE)
 13258 | Lair:1   | Killed Kidiri's ghost
 13792 | Lair:2   | HP: 3/79 [poisoned by a spiny frog]
 13904 | Lair:2   | Offered knowledge of Airstrike by Vehumet.
 14088 | Lair:2   | Found a staircase to the Snake Pit.
 14627 | Lair:3   | Reached skill level 5 in Earth Magic
 15015 | Lair:3   | Found a staircase to the Shoals.
 15029 | Lair:3   | Reached skill level 5 in Poison Magic
 15316 | Lair:3   | Noticed a four-headed hydra
 15374 | Lair:3   | Killed a four-headed hydra
 16274 | Lair:4   | Noticed a four-headed hydra
 16283 | Lair:4   | Killed a five-headed hydra
 16402 | Lair:4   | Reached skill level 5 in Short Blades
 16510 | Lair:4   | Reached **** piety under Vehumet
 16669 | Lair:4   | Reached skill level 14 in Spellcasting
 16915 | Lair:4   | Offered knowledge of Force Lance by Vehumet.
 17485 | Lair:5   | Reached XP level 13. HP: 77/86 MP: 24/33
 17946 | Lair:5   | Reached skill level 5 in Armour
 17949 | Lair:5   | Reached skill level 5 in Fighting
 18182 | Lair:5   | Reached ***** piety under Vehumet
 18193 | Lair:5   | Offered knowledge of Olgreb's Toxic Radiance by Vehumet.
 18558 | Lair:5   | Reached skill level 15 in Spellcasting
 18952 | Lair:5   | Learned a level 4 spell: Olgreb's Toxic Radiance
 19243 | Lair:6   | Entered Level 6 of the Lair of Beasts
 19309 | Lair:6   | Noticed Rupert
 19331 | Lair:6   | HP: 6/129 [yak (6)]
 19333 | Lair:6   | HP: 2/129 [Rupert/great sword of holy wrath (15)]
 19351 | Lair:6   | Killed Rupert
 19351 | Lair:6   | Reached skill level 5 in Air Magic
 19551 | Lair:6   | Reached XP level 14. HP: 84/93 MP: 16/35
 20219 | Lair:6   | Paralysed by a hornet for 1 turns
 20568 | Lair:6   | Offered knowledge of Conjure Ball Lightning by Vehumet.
 20642 | Lair:6   | Found a viscous altar of Jiyva.
 20643 | Lair:6   | Found a staircase to the Slime Pits.
 21304 | D:12     | Reached skill level 10 in Fire Magic
 21603 | D:12     | Noticed Kirke
 21614 | D:12     | Killed Kirke
 21723 | D:12     | Found Deuvu's Magic Scroll Shop.
 21779 | D:12     | Found a staircase to the Orcish Mines.
 21846 | D:12     | Found a shadowy altar of Dithmenos.
 22552 | D:13     | Found a gate to the Vaults.
 22863 | D:13     | Reached skill level 5 in Shields
 22992 | D:13     | Noticed Azrael
 22998 | D:13     | Killed Azrael
 22998 | D:13     | Reached skill level 10 in Conjurations
 23722 | D:13     | Reached skill level 16 in Spellcasting
 23725 | D:13     | Reached XP level 15. HP: 87/100 MP: 7/37
 23775 | D:13     | Offered knowledge of Lee's Rapid Deconstruction by Vehumet.
 24054 | Orc:1    | Entered Level 1 of the Orcish Mines
 24186 | Orc:2    | Entered Level 2 of the Orcish Mines
 24216 | Orc:2    | Found a staircase to the Elven Halls.
 24497 | Orc:2    | Found a roughly hewn altar of Beogh.
 24645 | Orc:2    | Found a roughly hewn altar of Beogh.
 24748 | Orc:2    | Found a roughly hewn altar of Beogh.
 24786 | Orc:2    | Found Mira's Antique Armour Emporium.
 24807 | Orc:2    | Bought a creamy pearl robe for 136 gold pieces
 24817 | Orc:2    | Identified the +0 robe "Watapt" {rPois rC+} (You bought it in a shop on level 2 of the Orcish Mines)
 25043 | Orc:2    | Found a roughly hewn altar of Beogh.
 25100 | Orc:2    | Found a roughly hewn altar of Beogh.
 25122 | Orc:2    | Found Jaehirot's General Store.
 25340 | Orc:1    | Offered knowledge of Poisonous Cloud by Vehumet.
 25595 | Orc:1    | Noticed Snorg
 25604 | Orc:1    | Killed Snorg
 26081 | Orc:2    | Learned a level 5 spell: Poisonous Cloud
 26095 | Orc:2    | Noticed Saint Roka
 26096 | Orc:2    | Reached ****** piety under Vehumet
 26192 | Orc:2    | Killed Saint Roka
 26409 | Orc:2    | Found Dotzarphe's Antique Armour Emporium.
 26410 | Orc:2    | Found a roughly hewn altar of Beogh.
 26411 | Orc:2    | Found Follec's Antique Weapon Shoppe.
 27886 | D:14     | Gained mutation: You are covered in fur. (AC +1) [mutagenic meat]
 28195 | D:15     | Entered Level 15 of the Dungeon
 28290 | D:15     | Offered knowledge of Delayed Fireball by Vehumet.
 28570 | D:15     | Found Ogaat's Gadget Emporium.
 29024 | D:15     | Found a staircase to the Depths.
 29382 | D:14     | Slain by a cyan ugly thing

Vault maps used:
D:1:      evilmike_arrival_rings
D:3:      led_sif_book, kennysheep_cross_room, uniq_crazy_yiuf_cottage
D:4:      lemuel_round_altar, overflow_temple_1_default, minmay_misc_feat_x,
          minivault_27, uniq_menkaure, uniq_robin
D:5:      kennysheep_mini_moat, kennysheep_mini, nicolae_overflow_hidden_temple,
          nicolae_qazlal_general_emergency, first_bread, serial_shops, shop,
          guppyfry_early_lair_pool
D:6:      serial_shops, shop_fountains
D:7:      serial_corexii_hall, corexii_hall_statues_u, corexii_hall_statues_l,
          corexii_hall_statues_deadend, corexii_hall_statues_s,
          minmay_misc_feat_square, the_bakery
D:8:      lemuel_doored_altar, dancing_weapons_uskayaw, xom_redecorated,
          basic_altar
D:9:      minmay_goldmine, lemuel_coloured_pillars_altar, kennysheep_crisscross,
          uniq_maurice
D:11:     lair_entry_dummy, uniq_grum
D:12:     orc_0_dummy, serial_shops, shop,
          nicolae_dithmenos_through_a_glass_darkly, uniq_kirke
D:13:     lemuel_freeze_loot_1, uniq_azrael
D:15:     gammafunk_depths_entry_grave, serial_shops, shop, hex_intersection
Temple:   corrupted_temple
Lair:2:   guppyfry_snake_entry_garden, fungi_pond_lemuel,
          infiniplex_staircase_pool_2
Lair:3:   elwin_shoals_entry_rooms, grunt_forest_stairs_clearing
Lair:5:   special_room, bh_autumn_forest_stairs, grunt_megastairs_1
Lair:6:   minmay_lair_end_enchanted_forest, dpeg_slime_entry_enclosed_altar,
          infiniplex_staircase_pool, grunt_megastairs_3, uniq_rupert
Orc:1:    uniq_snorg
Orc:2:    grunt_orc_community_town_hall, grunt_orc_community_big_house_1,
          grunt_orc_community_big_house_1, grunt_orc_community_house_1,
          grunt_orc_community_house_1, grunt_orc_community_house_1,
          grunt_orc_community_house_2, grunt_orc_community_house_1,
          grunt_orc_community_house_2

Skill      XL: |  1  2  3  4  5  6  7  8  9 10 11 12 13 14 15 |
---------------+----------------------------------------------+-----
Spellcasting   | 4 5 6 7 9 11 12 13 14 15 16 | 16.8
Fire Magic     | 4 5 7 8 9 10 | 10.7
Conjurations   | 2 3 4 5 6 7 8 9 10 | 10.5
Fighting       | 2 3 4 5 6 |  6.5
Short Blades   | 2 3 4 5 6 7 |  7.8
Armour         | 1 3 4 5 6 |  6.7
Dodging        | 4 5 6 7 8 9 |  9.4
Evocations     | 2 4 5 6 7 8 |  8.7
Earth Magic    | 2 3 4 5 6 7 8 |  8.3
Poison Magic   | 2 3 4 5 6 7 8 |  8.1
Air Magic      | 2 3 4 5 6 |  6.8
Shields        | 1 2 3 4 5 |  5.8
Stealth        | |  2.4

Action                   |  1- 3 |  4- 6 |  7- 9 | 10-12 | 13-15 || total
-------------------------+-------+-------+-------+-------+-------++-------
Melee: Unarmed           |     3 |       |       |       |       ||     3
       Dagger            |    25 |    50 |   205 |       |    93 ||   373
       Falchion          |       |       |    57 |   235 |   271 ||   563
 Cast: Flame Tongue      |    57 |    88 |   105 |   118 |    84 ||   452
       Sticky Flame      |       |     3 |    24 |    92 |   152 ||   271
       Throw Flame       |       |       |     5 |    11 |     4 ||    20
       Conjure Flame     |       |       |     5 |     8 |    14 ||    27
       Inner Flame       |       |       |     6 |     5 |     2 ||    13
       Bolt of Magma     |       |       |     3 |    55 |   140 ||   198
       Fireball          |       |       |     3 |     8 |    37 ||    48
       Venom Bolt        |       |       |       |    37 |    48 ||    85
       Iron Shot         |       |       |       |    12 |   117 ||   129
       Olgreb's Toxic Ra |       |       |       |       |    19 ||    19
       Ignite Poison     |       |       |       |       |    25 ||    25
Evoke: Wand              |       |       |     3 |     2 |     3 ||     8
  Use: Scroll            |     8 |     2 |    11 |    15 |    17 ||    53
       Potion            |       |       |       |     4 |    15 ||    19
 Stab: Sleeping          |     8 |     3 |     2 |    10 |     9 ||    32
       Distracted        |       |       |       |     2 |       ||     2
  Eat: Chunk             |     2 |     5 |    15 |    24 |    37 ||    83
       Pizza             |       |       |       |     3 |       ||     3
       Beef jerky        |       |       |       |     3 |     2 ||     5
       Royal jelly       |       |       |       |     1 |       ||     1
       Fruit             |       |       |       |     4 |     3 ||     7
       Meat ration       |       |       |       |     1 |     4 ||     5
Armor: Robe              |     5 |       |       |       |    37 ||    42
       Leather armour    |     6 |     8 |   110 |   134 |   130 ||   388
       Skin              |       |       |       |       |    35 ||    35
Dodge: Dodged            |    36 |    57 |   200 |   265 |   505 ||  1063
Block: Buckler           |       |       |       |    91 |   214 ||   305
       Rpst.: Falchion   |       |       |    28 |    68 |   114 ||   210
